[Event "Titled Tuesday Blitz November 14 Early 2023"]
[White "Foisor, Sabina-Francesca"]
[Black "Tatarinov, Dmitry"]
[WhiteFideId "1212915"]
[BlackFideId "24160067"]
[WhiteElo "2441"]
[BlackElo "2793"]
[Result "0-1"]
[Round "1"]
[TimeControl "180+1"]
[Date "2023.11.14"]
[WhiteClock "0:00:10"]
[BlackClock "0:00:29"]
[Board "93"]

1. d4 Nf6 2. c4 g6 3. Nf3 Bg7 4. g3 O-O 5. Bg2 d6 6. O-O Nc6 7. Nc3 a6 8. e4 e5 9. d5 Nb8 10. Rb1 a5 11. b3 Na6 12. Qc2 c6 13. a3 cxd5 14. cxd5 Bd7 15. b4 axb4 16. axb4 Qb8 17. Be3 Rc8 18. Qd2 Nc7 19. b5 Ra3 20. Rfc1 Rxc3 21. Qxc3 Nxe4 22. Qb4 f5 23. Nd2 Nxd5 24. Qb3 Be6 25. Nxe4 fxe4 26. Bxe4 Nc7 27. Rxc7 Bxb3 28. Rxc8+ Qxc8 29. Rxb3 Qc4 30. Bxb7 Qxb3 31. Bc6 d5 32. Ba7 Bf8 33. b6 Bc5 34. Kg2 Bxb6 35. Bxb6 Qxb6 36. Bxd5+ Kg7 37. Bf3 Qd4 0-1


[Site "https://www.chess.com"]

[Event "Titled Tuesday Blitz November 14 Early 2023"]
[White "Idani, Pouya"]
[Black "ATM622"]
[WhiteFideId "12510130"]
[WhiteElo "2792"]
[BlackElo "2437"]
[Result "1-0"]
[Round "1"]
[TimeControl "180+1"]
[Date "2023.11.14"]
[WhiteClock "0:00:30"]
[BlackClock "0:00:33"]
[Board "94"]

1. e4 c6 2. d4 d5 3. exd5 cxd5 4. Bd3 Nc6 5. c3 Qc7 6. h3 Nf6 7. Nf3 g6 8. O-O Bf5 9. Bb5 Bg7 10. Re1 O-O 11. Be3 Rac8 12. Nbd2 h6 13. Nb3 a6 14. Bxc6 Qxc6 15. Bf4 Ne4 16. Nfd2 g5 17. Bh2 Rfe8 18. Qe2 Qb6 19. Nxe4 Bxe4 20. Nc5 Bg6 21. Nd7 Qb5 22. Qxb5 axb5 23. Nb6 Rc6 24. Nxd5 e6 25. Nc7 Rd8 26. Nxb5 Bd3 27. a4 Ra8 28. Nd6 b6 29. Re3 Bc2 30. Be5 Rxa4 31. Rxa4 Bxa4 32. Ne8 Bxe5 33. dxe5 Rc5 34. Nf6+ Kg7 35. Kh2 Kg6 36. g4 Bc6 37. Kg3 Rc4 38. b3 Rc5 39. h4 gxh4+ 40. Kxh4 Bd5 41. c4 Bc6 42. f4 b5 43. Rd3 bxc4 44. Rd8 h5 45. Rg8+ Kh6 46. g5# 1-0


[Site "https://www.chess.com"]

[Event "Titled Tuesday Blitz November 14 Early 2023"]
[White "Mazurkiewicz, Michal"]
[Black "Suyarov, Mukhammadzokhid"]
[WhiteFideId "1124943"]
[BlackFideId "14210495"]
[WhiteElo "2437"]
[BlackElo "2787"]
[Result "0-1"]
[Round "1"]
[TimeControl "180+1"]
[Date "2023.11.14"]
[WhiteClock "0:00:00"]
[BlackClock "0:00:19"]
[Board "95"]

1. e4 e5 2. f3 Bc5 3. Ne2 Nc6 4. c3 d5 5. d4 exd4 6. cxd4 Bb4+ 7. Bd2 dxe4 8. fxe4 Qh4+ 9. Ng3 Bd6 10. e5 Be7 11. Be3 Nh6 12. Bb5 Nf5 13. Bf2 Nxg3 14. Bxg3 Qe4+ 15. Kf2 O-O 16. Bxc6 bxc6 17. Re1 Qg6 18. Nc3 Rb8 19. b3 Bg4 20. Qb1 Bb4 21. Re3 c5 22. d5 c4 23. Ne4 Ba5 24. h3 Bf5 25. Ke2 Bb6 0-1


[Site "https://www.chess.com"]

[Event "Titled Tuesday Blitz November 14 Early 2023"]
[White "Alen_Yeremyann"]
[Black "Balla, Tamas-Kristof"]
[BlackFideId "1208497"]
[WhiteElo "2786"]
[BlackElo "2435"]
[Result "1-0"]
[Round "1"]
[TimeControl "180+1"]
[Date "2023.11.14"]
[WhiteClock "0:00:37"]
[BlackClock "0:00:11"]
[Board "96"]

1. e4 c5 2. Nc3 Nc6 3. Bb5 Nd4 4. Bc4 e6 5. Nge2 a6 6. a4 Be7 7. Nxd4 cxd4 8. Ne2 d5 9. exd5 exd5 10. Bb3 d3 11. cxd3 Bf5 12. O-O Bxd3 13. Re1 Nf6 14. Nf4 Bf5 15. d3 O-O 16. Qf3 Bg4 17. Qg3 Bd6 18. h3 Bf5 19. Qg5 Bg6 20. Nxg6 hxg6 21. Bd2 Qd7 22. Bc3 Be7 23. Bxf6 Bxf6 24. Qxd5 Qc7 25. Bc4 Rad8 26. Qf3 Rfe8 27. Rab1 Qd7 28. a5 Qc7 29. b4 Rxe1+ 30. Rxe1 Bc3 31. Rb1 Qe7 32. b5 Bxa5 33. bxa6 bxa6 34. Rb7 Bc7 35. g3 Rd7 36. Bxa6 Be5 37. Rxd7 Qxd7 38. Bc4 Bd4 39. Kg2 Qe7 40. Qa8+ Kh7 41. Qd5 Bf6 42. Qxf7 Qe2 43. Qd5 g5 44. Qg8+ Kh6 45. Bf7 Qxd3 46. Qh8+ Qh7 47. Qe8 Qf5 48. g4 Qd3 49. Qh8+ Qh7 50. Qa8 Qc2 51. Bd5 Bd4 52. Qh8+ Qh7 53. Qf8 Qc2 54. h4 gxh4 55. Qf4+ g5 56. Qxd4 Qc1 57. Qf6+ Kh7 58. Qf7+ Kh6 59. Qf8+ Kh7 60. Be4# 1-0


[Site "https://www.chess.com"]

[Event "Titled Tuesday Blitz November 14 Early 2023"]
[White "WindWhistler11"]
[Black "Costachi, Mihnea"]
[BlackFideId "1217518"]
[WhiteElo "2434"]
[BlackElo "2777"]
[Result "1-0"]
[Round "1"]
[TimeControl "180+1"]
[Date "2023.11.14"]
[WhiteClock "0:01:28"]
[BlackClock "0:01:23"]
[Board "97"]

1. Nf3 Nc6 2. d4 d5 3. a3 Bf5 4. Bf4 e6 5. e3 Bd6 6. Bg3 Nf6 7. c4 dxc4 8. Bxc4 O-O 9. Nc3 Ne4 10. Nd2 Nxg3 11. hxg3 Bg6 12. Nf3 e5 13. Nh4 Qg5 14. Nxg6 Qxg6 15. Bd3 f5 16. g4 exd4 17. gxf5 Qxg2 18. Qh5 h6 19. Be4 Qg5 20. Bd5+ 1-0


[Site "https://www.chess.com"]

[Event "Titled Tuesday Blitz November 14 Early 2023"]
[White "Mindlin, Alon"]
[Black "whiteglovethief"]
[WhiteFideId "2800071"]
[WhiteElo "2776"]
[BlackElo "2433"]
[Result "0-1"]
[Round "1"]
[TimeControl "180+1"]
[Date "2023.11.14"]
[WhiteClock "0:01:57"]
[BlackClock "0:01:49"]
[Board "98"]

1. d4 d5 2. c4 e6 3. Nc3 h6 4. Nf3 Nf6 5. e3 Bb4 6. Bd3 Bxc3+ 7. bxc3 O-O 8. O-O b6 9. Qe2 Ba6 10. Ba3 Re8 11. Ne5 Nfd7 12. cxd5 Bxd3 13. Nxd3 exd5 14. Nf4 Nf6 15. c4 Nc6 16. Qf3 Ne4 17. cxd5 Nd2 18. Qe2 Nxf1 19. dxc6 Nxh2 20. Kxh2 Qh4+ 21. Nh3 Qxd4 22. Bb2 Qd6+ 23. Kg1 Qxc6 24. Nf4 Qe4 25. Nh5 f6 26. Bxf6 Qg6 27. Bxg7 0-1


[Site "https://www.chess.com"]

[Event "Titled Tuesday Blitz November 14 Early 2023"]
[White "Remolar Gallen, Jose"]
[Black "Llorente Zaro, Alfonso"]
[WhiteFideId "2215187"]
[BlackFideId "2254131"]
[WhiteElo "2431"]
[BlackElo "2776"]
[Result "0-1"]
[Round "1"]
[TimeControl "180+1"]
[Date "2023.11.14"]
[WhiteClock "0:00:22"]
[BlackClock "0:00:14"]
[Board "99"]

1. e4 c5 2. Nf3 Nc6 3. Bb5 Na5 4. O-O a6 5. Be2 e6 6. c3 Nf6 7. e5 Nd5 8. d4 cxd4 9. cxd4 b5 10. Bg5 Qb6 11. Nbd2 h6 12. Bh4 Bb7 13. Re1 Rc8 14. Ne4 Nf4 15. Bf1 Bb4 16. a3 Bf8 17. Rc1 Rxc1 18. Qxc1 Ng6 19. Bg3 Be7 20. b4 Bxe4 21. Rxe4 Qc6 22. Qxc6 Nxc6 23. Bd3 h5 24. h4 O-O 25. Re1 Rc8 26. Rc1 Bd8 27. Be4 Nge7 28. Nd2 Bb6 29. Nb3 Nxd4 30. Rxc8+ Nxc8 31. Nxd4 Bxd4 32. Bb7 Nb6 33. Bxa6 Bb2 34. Bxb5 Bxa3 35. f4 Bxb4 36. Bf2 Nd5 37. g3 d6 38. exd6 Bxd6 39. Bc4 g6 40. Bd4 Kf8 41. Kf2 Ke7 42. Kf3 Kd7 43. Ke4 Ne7 44. Bf6 Nf5 45. Kf3 Bc5 46. Bd3 Nd6 47. g4 hxg4+ 48. Kxg4 Ne8 49. Bc3 Be7 50. h5 f5+ 51. Kh3 gxh5 52. Be2 Bf6 53. Be1 Ng7 54. Bh4 Ke7 55. Bf2 Kf7 56. Bc5 Kg6 57. Bf8 Ne8 58. Bc5 Nc7 59. Bc4 Nd5 60. Kg3 Bd8 61. Kf3 Bc7 62. Bxd5 exd5 63. Be7 Bb6 64. Bh4 Kf7 65. Ke2 Bc5 66. Kd3 Ke6 67. Bg5 Be7 68. Bh6 h4 0-1


[Site "https://www.chess.com"]

[Event "Titled Tuesday Blitz November 14 Early 2023"]
[White "Oganian, Miran"]
[Black "Jumanov, Elbek"]
[WhiteFideId "4122488"]
[BlackFideId "14202905"]
[WhiteElo "2776"]
[BlackElo "2428"]
[Result "0-1"]
[Round "1"]
[TimeControl "180+1"]
[Date "2023.11.14"]
[WhiteClock "0:00:53"]
[BlackClock "0:00:15"]
[Board "100"]

1. e4 c5 2. Nf3 e6 3. c3 d5 4. exd5 Qxd5 5. d4 Nc6 6. Be2 Nf6 7. O-O Be7 8. Be3 cxd4 9. Nxd4 Nxd4 10. Bxd4 O-O 11. Bf3 Qd7 12. Qe2 Nd5 13. g3 Bf6 14. Bxf6 Nxf6 15. Nd2 Rb8 16. Rad1 Qc7 17. Ne4 Nxe4 18. Bxe4 b6 19. Rd4 e5 20. Rd2 Be6 21. Rfd1 Rbd8 22. Qe3 Bxa2 23. c4 Rxd2 24. Qxd2 Qxc4 25. Bd3 Qe6 26. Ra1 a5 27. b4 Bd5 28. bxa5 bxa5 29. Rxa5 Ba8 30. Qc2 Rc8 31. Bf5 Qxf5 32. Qd1 Qf3 33. Qxf3 Bxf3 34. Ra1 f6 35. Rc1 Rxc1# 0-1


[Site "https://www.chess.com"]

[Event "Titled Tuesday Blitz November 14 Early 2023"]
[White "LiadCuba"]
[Black "GaiozNigalidze"]
[WhiteElo "2428"]
[BlackElo "2771"]
[Result "1-0"]
[Round "1"]
[TimeControl "180+1"]
[Date "2023.11.14"]
[WhiteClock "0:00:09"]
[BlackClock "0:01:48"]
[Board "101"]

1. d4 Nf6 2. c4 e6 3. Nc3 Bb4 4. f3 d5 5. a3 Bxc3+ 6. bxc3 c5 7. cxd5 exd5 8. e3 O-O 9. Bd3 Nc6 10. Ne2 Re8 11. O-O b6 12. Ra2 a5 13. g4 Ba6 14. Bxa6 Rxa6 15. Ng3 a4 16. Rg2 g6 17. h4 Na5 18. h5 Nc4 19. Qd3 Ra7 20. hxg6 fxg6 21. g5 Nd7 22. e4 Nf8 23. exd5 Qxd5 24. Ne4 Nd7 25. Nf6+ Nxf6 26. gxf6 Kf7 27. f4 cxd4 28. f5 Rg8 29. Qh3 h5 30. fxg6+ Rxg6 31. Rxg6 Kxg6 32. Qg3+ Kh7 33. Qd3+ Kh8 34. Qg6 Qg8 35. Qxg8+ Kxg8 36. cxd4 Rd7 37. Bf4 Kf7 38. Be5 Rd5 39. Rf5 Nxa3 40. Rxh5 Nc4 41. Rh7+ Ke6 42. Re7+ Kf5 43. f7 Rd8 44. Re8 1-0


[Site "https://www.chess.com"]

[Event "Titled Tuesday Blitz November 14 Early 2023"]
[White "Sokolovsky, Yahli"]
[Black "Kassimov, Baurzhan"]
[WhiteFideId "2820242"]
[BlackFideId "13704800"]
[WhiteElo "2770"]
[BlackElo "2424"]
[Result "1-0"]
[Round "1"]
[TimeControl "180+1"]
[Date "2023.11.14"]
[WhiteClock "0:00:42"]
[BlackClock "0:00:18"]
[Board "102"]

1. b3 Nf6 2. Bb2 e6 3. e3 c5 4. Nf3 Nc6 5. d4 d5 6. Bd3 Be7 7. Nbd2 O-O 8. O-O b6 9. Ne5 Nxe5 10. dxe5 Nd7 11. c4 Bb7 12. cxd5 Bxd5 13. Ne4 Qc7 14. Qh5 g6 15. Qh6 Rfd8 16. Ng5 Nf8 17. Rad1 a6 18. f4 b5 19. e4 Bc6 20. f5 Bxg5 21. Qxg5 c4 22. f6 cxd3 23. Qh6 1-0


[Site "https://www.chess.com"]

[Event "Titled Tuesday Blitz November 14 Early 2023"]
[White "LangesNasenhaar"]
[Black "Budisavljevic, Luka"]
[BlackFideId "960047"]
[WhiteElo "2423"]
[BlackElo "2768"]
[Result "1/2-1/2"]
[Round "1"]
[TimeControl "180+1"]
[Date "2023.11.14"]
[WhiteClock "0:00:05"]
[BlackClock "0:00:12"]
[Board "103"]

1. d4 Nf6 2. Nc3 e6 3. Bf4 d5 4. Nb5 Na6 5. e3 c6 6. Nc3 Bd6 7. Qf3 b5 8. Bxd6 Qxd6 9. Qg3 Qxg3 10. hxg3 Nc7 11. Bd3 h6 12. Nf3 b4 13. Na4 Ba6 14. Ne5 Bb5 15. Nc5 Ke7 16. Bxb5 cxb5 17. Nc6+ Kd6 18. Nxb4 Ne4 19. Nbd3 f6 20. g4 Rac8 21. f3 Nxc5 22. Nxc5 e5 23. c3 Na8 24. Kd2 Nb6 25. b3 a5 26. Nb7+ Kc7 27. Nxa5 Ra8 28. b4 Rhe8 29. Rhe1 Re6 30. f4 g6 31. Rh1 Rh8 32. fxe5 fxe5 33. Raf1 Rh7 34. dxe5 Rxe5 35. Rf6 Nc4+ 36. Nxc4 dxc4 37. Rxg6 Rd7+ 38. Ke2 Rd3 39. Rhxh6 Rdxe3+ 40. Kf2 Re7 41. Rc6+ Kd7 42. Rhd6+ Ke8 43. g5 Rxc3 44. g6 Kf8 45. Rd5 Ra3 46. Rxb5 Rxa2+ 47. Kg3 Kg7 48. Rbc5 Ree2 49. Rxc4 Rxg2+ 50. Kf4 Rae2 51. b5 Rgf2+ 52. Kg5 Re5+ 53. Kg4 Rxb5 54. Rc7+ Kxg6 55. R7c6+ Rf6 56. Rxf6+ Kxf6 57. Rf4+ Ke6 58. Rc4 Re5 59. Rc1 Kd5 60. Rd1+ Ke6 61. Rc1 Rd5 62. Re1+ Re5 63. Rxe5+ Kxe5 1/2-1/2


[Site "https://www.chess.com"]

[Event "Titled Tuesday Blitz November 14 Early 2023"]
[White "Bryakin, Mikhail"]
[Black "Sharafiev, Azat"]
[WhiteFideId "4165314"]
[BlackFideId "4186214"]
[WhiteElo "2768"]
[BlackElo "2422"]
[Result "1-0"]
[Round "1"]
[TimeControl "180+1"]
[Date "2023.11.14"]
[WhiteClock "0:01:00"]
[BlackClock "0:00:17"]
[Board "104"]

1. e4 c5 2. a3 d6 3. b4 Nf6 4. Nc3 e5 5. b5 Be7 6. Bc4 Be6 7. d3 Nbd7 8. Nf3 Bxc4 9. dxc4 O-O 10. O-O Nb6 11. Qd3 a5 12. a4 Qd7 13. Bg5 Rad8 14. Bxf6 Bxf6 15. Nd5 Nxd5 16. Qxd5 Qe7 17. Ne1 g6 18. Nd3 Bg7 19. Rae1 Kh8 20. f3 f5 21. Nc1 f4 22. Nb3 b6 23. Qc6 Rb8 24. Rd1 Rfd8 25. Rd3 g5 26. h3 h5 27. Rfd1 Bf8 28. Kf2 Kg7 29. Nc1 Kf6 30. Ne2 Qd7 31. Nc3 Qb7 32. Rxd6+ Bxd6 33. Rxd6+ Rxd6 34. Qxd6+ Kf7 35. Nd5 Kg8 36. Ne7+ Kf7 37. Nd5 Re8 38. Qh6 Qd7 39. Qxh5+ Ke6 40. Qg6# 1-0


[Site "https://www.chess.com"]

[Event "Titled Tuesday Blitz November 14 Early 2023"]
[White "Arnold, Ken"]
[Black "Goltsev, Dmitry"]
[WhiteFideId "2056836"]
[BlackFideId "24176710"]
[WhiteElo "2421"]
[BlackElo "2765"]
[Result "1-0"]
[Round "1"]
[TimeControl "180+1"]
[Date "2023.11.14"]
[WhiteClock "0:01:34"]
[BlackClock "0:00:31"]
[Board "105"]

1. d4 Nf6 2. Nf3 e6 3. g3 d5 4. Bg2 c5 5. O-O Nc6 6. c3 Bd6 7. Bf4 Qc7 8. Bxd6 Qxd6 9. Nbd2 O-O 10. Re1 e5 11. dxe5 Nxe5 12. Nxe5 Qxe5 13. e4 d4 14. Nf3 Qe7 15. cxd4 cxd4 16. Qxd4 Bg4 17. e5 Qd7 18. exf6 Qxd4 19. Nxd4 gxf6 20. h3 Bh5 21. Re7 Rfd8 22. Nf5 Bg6 23. g4 Rd2 24. Rxb7 Re8 25. Ne7+ Kg7 26. Re1 Red8 27. Nxg6 hxg6 28. Ree7 Rd1+ 29. Kh2 Rf8 30. Red7 Re1 31. Bd5 Kh6 32. Rxf7 Rxf7 33. Rxf7 Kg5 34. Kg3 Rg1+ 35. Bg2 Rb1 36. h4+ Kh6 37. f4 g5 38. Rxf6+ Kg7 39. hxg5 Rxb2 40. Ra6 Rd2 41. Rxa7+ Kh8 42. f5 Rd5 43. Rh7+ Kxh7 44. Bxd5 Kg7 45. Kf4 Kh7 46. a4 Kg7 47. a5 Kh7 48. a6 Kg7 49. a7 Kh7 50. a8=Q Kg7 51. Qg8# 1-0


[Site "https://www.chess.com"]

[Event "Titled Tuesday Blitz November 14 Early 2023"]
[White "Korchmar, Vasiliy"]
[Black "Preobrazhenska_D2011"]
[WhiteFideId "24131750"]
[WhiteElo "2763"]
[BlackElo "2420"]
[Result "1-0"]
[Round "1"]
[TimeControl "180+1"]
[Date "2023.11.14"]
[WhiteClock "0:01:01"]
[BlackClock "0:00:06"]
[Board "106"]

1. e4 c5 2. d4 cxd4 3. Qxd4 Nc6 4. Qd3 d6 5. Nc3 Nf6 6. Nf3 g6 7. Be2 Bg7 8. O-O O-O 9. Nd5 Nd7 10. c3 b6 11. Bg5 Bb7 12. Qe3 Re8 13. Rad1 Qb8 14. Bh6 Bh8 15. h4 Nc5 16. h5 e6 17. Nf4 Ne5 18. Ng5 Qc8 19. Rxd6 Qc7 20. Rfd1 Rad8 21. R6d2 Bf6 22. b4 Rxd2 23. Rxd2 Bxg5 24. Bxg5 Nxe4 25. Bh6 Nxd2 26. Qxd2 Rd8 27. Qe3 Qc6 28. Qxe5 f6 29. Qxf6 Qd7 30. hxg6 hxg6 31. Nxg6 Re8 32. Qh8+ Kf7 33. Qg7# 1-0


[Site "https://www.chess.com"]

[Event "Titled Tuesday Blitz November 14 Early 2023"]
[White "Yeritsyan, Hayk"]
[Black "Sattarov, Bobir"]
[WhiteFideId "13307320"]
[BlackFideId "14203081"]
[WhiteElo "2418"]
[BlackElo "2763"]
[Result "0-1"]
[Round "1"]
[TimeControl "180+1"]
[Date "2023.11.14"]
[WhiteClock "0:00:08"]
[BlackClock "0:01:01"]
[Board "107"]

1. d4 Nf6 2. c4 c5 3. d5 g6 4. Nc3 Bg7 5. e4 d6 6. Bd3 O-O 7. Nge2 e6 8. O-O exd5 9. cxd5 Nbd7 10. a4 a6 11. h3 Rb8 12. Bg5 Qc7 13. Ng3 c4 14. Bc2 b5 15. axb5 axb5 16. Qd2 Re8 17. Bh6 Bh8 18. Rae1 b4 19. Nce2 Ba6 20. Ra1 Nc5 21. Qf4 c3 22. bxc3 b3 23. Bb1 b2 24. Ra3 Bxe2 25. Nxe2 Nxd5 26. exd5 Rxe2 27. Rd1 Qe7 28. Kf1 Re8 29. g3 Re1+ 30. Rxe1 Qxe1+ 31. Kg2 Qxb1 32. Ra7 Qe4+ 33. Qxe4 Nxe4 34. Rb7 Bxc3 0-1


[Site "https://www.chess.com"]

[Event "Titled Tuesday Blitz November 14 Early 2023"]
[White "Nigmatov, Ortik"]
[Black "PoXerStar"]
[WhiteFideId "14202131"]
[WhiteElo "2761"]
[BlackElo "2417"]
[Result "1-0"]
[Round "1"]
[TimeControl "180+1"]
[Date "2023.11.14"]
[WhiteClock "0:01:16"]
[BlackClock "0:00:10"]
[Board "108"]

1. e4 c6 2. d4 d5 3. e5 Bf5 4. Nf3 e6 5. Be2 c5 6. Be3 Qb6 7. Nc3 Nc6 8. O-O Qxb2 9. Nb5 c4 10. Nc7+ Kd8 11. Nxa8 Qxc2 12. Qxc2 Bxc2 13. Rfc1 Bg6 14. a4 Na5 15. Bd1 Kc8 16. Bd2 Nc6 17. a5 Kb8 18. Nb6 axb6 19. axb6 Nge7 20. Ba4 Nc8 21. Bxc6 bxc6 22. Ra6 Kb7 23. Rca1 Be7 24. Ra7+ Nxa7 25. Rxa7+ Kxb6 26. Rxe7 Ra8 27. h3 Ra3 28. Bb4 Rb3 29. Bc5+ Ka6 30. Nd2 Rb2 31. Ra7+ Kb5 32. Rb7+ Ka4 33. Rxb2 1-0


[Site "https://www.chess.com"]

[Event "Titled Tuesday Blitz November 14 Early 2023"]
[White "Herman, Daniel"]
[Black "Javakhadze, Zurab"]
[WhiteFideId "30935008"]
[BlackFideId "13603647"]
[WhiteElo "2416"]
[BlackElo "2761"]
[Result "0-1"]
[Round "1"]
[TimeControl "180+1"]
[Date "2023.11.14"]
[WhiteClock "0:00:06"]
[BlackClock "0:00:07"]
[Board "109"]

1. c4 e5 2. Nc3 Nc6 3. Nf3 Nf6 4. e3 Be7 5. d4 exd4 6. exd4 d5 7. Be2 O-O 8. O-O dxc4 9. Bxc4 Bg4 10. Be3 Bd6 11. h3 Bh5 12. Be2 a6 13. d5 Ne7 14. Kh1 h6 15. Qb3 b5 16. a3 Re8 17. Rad1 Qd7 18. Nd4 Bxe2 19. Ndxe2 Nf5 20. Bf4 Nh4 21. Rfe1 Qf5 22. Bxd6 cxd6 23. Rf1 Qg5 24. Ng3 Nh5 25. Rd3 Nf4 26. Rd4 Nhxg2 27. Nce4 Qh4 28. Nf5 Qh5 29. Nfxd6 Re5 30. Qg3 Kf8 31. Rg1 Rxd5 32. Rxd5 Qxd5 33. Rxg2 Nxg2 34. Qxg2 Rd8 35. Qf3 Rxd6 36. Qf4 Re6 37. Qb8+ Re8 0-1


[Site "https://www.chess.com"]

[Event "Titled Tuesday Blitz November 14 Early 2023"]
[White "Krzyzanowski, Marcin"]
[Black "Suspenser17"]
[WhiteFideId "1132199"]
[WhiteElo "2756"]
[BlackElo "2415"]
[Result "0-1"]
[Round "1"]
[TimeControl "180+1"]
[Date "2023.11.14"]
[WhiteClock "0:00:02"]
[BlackClock "0:00:11"]
[Board "110"]

1. e4 e5 2. d4 exd4 3. Nf3 Nc6 4. Bc4 Nf6 5. O-O Nxe4 6. Re1 d5 7. Bxd5 Qxd5 8. Nc3 Qd7 9. Nxe4 Be7 10. Bg5 O-O 11. Bxe7 Qxe7 12. Nxd4 Bd7 13. c3 Rae8 14. Re3 Qd8 15. Nc5 Nxd4 16. Qxd4 Bc6 17. Rd1 Qg5 18. Rg3 Qh6 19. h3 g6 20. b4 Qg7 21. a4 Qxd4 22. Rxd4 Re1+ 23. Kh2 b6 24. Na6 Re2 25. f3 Bxa4 26. Nxc7 Rc8 27. Nd5 Kg7 28. h4 Bb3 29. Nf4 Rc2 30. Nh5+ Kf8 31. Nf6 R8xc3 32. h5 Kg7 33. Rf4 Rc4 34. h6+ Kf8 35. Nxh7+ Ke7 36. Rgg4 a5 37. Ng5 f6 38. h7 Rc8 39. Re4+ Kd6 40. Rd4+ Kc6 41. Ne4 Rc7 42. Nxf6 Rc8 43. Rxg6 Rh8 44. bxa5 bxa5 45. Ne4+ Kb7 46. Rd7+ Kc8 47. Ra7 Kb8 48. Rag7 a4 49. Rg8+ Bxg8 50. Rxg8+ Rc8 51. Nf6 Rcxg8 52. Nxg8 Rxh7+ 53. Kg1 a3 54. Kf2 a2 55. Nf6 Rf7 56. Ne4 a1=Q 57. Kg3 Qe5+ 58. Kf2 Rg7 59. g4 Qf4 60. Nc5 Rc7 61. Ne6 Rc2+ 62. Ke1 Qd2+ 0-1


[Site "https://www.chess.com"]

[Event "Titled Tuesday Blitz November 14 Early 2023"]
[White "Kulkarni, Rakesh"]
[Black "Saydaliev, Saidakbar"]
[WhiteFideId "5037077"]
[BlackFideId "14203693"]
[WhiteElo "2412"]
[BlackElo "2753"]
[Result "0-1"]
[Round "1"]
[TimeControl "180+1"]
[Date "2023.11.14"]
[WhiteClock "0:01:19"]
[BlackClock "0:00:32"]
[Board "111"]

1. e4 c5 2. c3 Nf6 3. e5 Nd5 4. d4 d6 5. Nf3 cxd4 6. cxd4 Nc6 7. Bc4 Nb6 8. Bb3 dxe5 9. d5 Na5 10. Nc3 Nxb3 11. Qxb3 e6 12. dxe6 Bxe6 13. Qb5+ Nd7 14. Nxe5 Bd6 15. Nxd7 Qxd7 16. Qxd7+ Bxd7 17. O-O O-O-O 18. Be3 Kb8 19. Ne4 Be5 20. Ng5 Rhf8 21. Rfe1 f6 22. Nf3 Bxb2 23. Rab1 Ba3 24. Nd4 Rfe8 25. h3 Rc8 26. Nb5 Bxb5 27. Rxb5 a6 28. Rb3 Bc1 29. Rxc1 Rxc1+ 30. Bxc1 Re1+ 31. Kh2 Rxc1 32. Rg3 g6 33. Rf3 Rc6 34. g4 b5 35. Kg3 Kc7 36. Re3 Kd6 37. Re8 Rc2 38. Rh8 Rxa2 39. Rxh7 b4 40. Rf7 b3 41. Rxf6+ Kc5 42. Rf3 b2 43. Rb3 Ra3 44. Rxa3 b1=Q 45. Rxa6 Qd3+ 46. Kh4 Qxa6 47. f4 Qf6+ 48. Kg3 Kd5 49. h4 Qc3+ 0-1


[Site "https://www.chess.com"]

[Event "Titled Tuesday Blitz November 14 Early 2023"]
[White "Hambleton, Aman"]
[Black "YouShallNotPass001"]
[WhiteFideId "2606577"]
[WhiteElo "2752"]
[BlackElo "2412"]
[Result "1-0"]
[Round "1"]
[TimeControl "180+1"]
[Date "2023.11.14"]
[WhiteClock "0:00:04"]
[BlackClock "0:01:52"]
[Board "112"]

1. d4 Nf6 2. Bf4 e6 3. e3 c5 4. c3 cxd4 5. exd4 b6 6. Nf3 Bb7 7. Bd3 Be7 8. h3 d6 9. Bh2 Nbd7 10. Nbd2 a6 11. a4 Qc7 12. Qe2 O-O 13. O-O Rfe8 14. Rfe1 Nf8 15. Nc4 Ng6 16. Nfd2 Nh4 17. Ne3 Bf8 18. Bg3 Ng6 19. h4 e5 20. dxe5 Nxe5 21. Bc2 Qc5 22. Qf1 Qc6 23. Nb3 Neg4 24. Nd4 Qc5 25. Nxg4 Nxg4 26. Rxe8 Rxe8 27. Re1 Rxe1 28. Qxe1 Qd5 29. f3 Ne5 30. Be4 Qa2 31. Bxb7 Qxb2 32. Kh2 Qxc3 33. Qxc3 g5 34. Bxe5 h6 35. Nf5 dxe5 36. Qc8 Kh7 37. Qxf8 Kg6 38. Be4 1-0


[Site "https://www.chess.com"]

[Event "Titled Tuesday Blitz November 14 Early 2023"]
[White "Marcziter, Dmitrii"]
[Black "Nazari, Arad"]
[WhiteFideId "13900765"]
[BlackFideId "12577324"]
[WhiteElo "2409"]
[BlackElo "2746"]
[Result "0-1"]
[Round "1"]
[TimeControl "180+1"]
[Date "2023.11.14"]
[WhiteClock "0:00:42"]
[BlackClock "0:01:48"]
[Board "113"]

1. d4 Nf6 2. c4 g6 3. Nf3 Bg7 4. g3 O-O 5. Bg2 c6 6. Nc3 d5 7. cxd5 cxd5 8. Ne5 Nc6 9. f4 Bf5 10. O-O Ne4 11. Nxe4 Bxe4 12. Nxc6 bxc6 13. Bxe4 dxe4 14. e3 Qd5 15. Qc2 Rfd8 16. b4 Bxd4 17. Rd1 Bxa1 18. Rxd5 cxd5 19. Bb2 Rac8 20. Qd2 Bxb2 21. Qxb2 Rc4 22. a3 d4 23. exd4 Rcxd4 24. Qb3 Rd3 25. Qc4 e3 26. Qe4 Rd1+ 27. Kg2 e2 0-1


[Site "https://www.chess.com"]

[Event "Titled Tuesday Blitz November 14 Early 2023"]
[White "Samunenkov, Ihor"]
[Black "UK_23"]
[WhiteFideId "14187086"]
[WhiteElo "2746"]
[BlackElo "2409"]
[Result "1-0"]
[Round "1"]
[TimeControl "180+1"]
[Date "2023.11.14"]
[WhiteClock "0:00:17"]
[BlackClock "0:00:12"]
[Board "114"]

1. d4 d5 2. c4 e6 3. Nf3 Nf6 4. g3 Be7 5. Bg2 O-O 6. Qc2 c6 7. O-O b6 8. Nbd2 Bb7 9. e4 Na6 10. a3 c5 11. exd5 exd5 12. dxc5 Nxc5 13. b4 Ne6 14. Bb2 a5 15. bxa5 Rxa5 16. Nh4 Ra7 17. Rfd1 d4 18. Bxb7 Rxb7 19. Ndf3 Bc5 20. Nf5 Rd7 21. Rd3 g6 22. N5h4 Qa8 23. Rad1 Rfd8 24. Ne5 Rd6 25. Nhf3 Qe4 26. Re1 Qb7 27. Qe2 Kg7 28. Red1 h6 29. h3 Ng5 30. Nxg5 hxg5 31. Nf3 g4 32. hxg4 Nxg4 33. Nxd4 Bxd4 34. Bxd4+ Kg8 35. Qxg4 Qd7 36. Qxd7 R8xd7 37. R3d2 f5 38. Be3 Rxd2 39. Rxd2 1-0


[Site "https://www.chess.com"]

[Event "Titled Tuesday Blitz November 14 Early 2023"]
[White "Mika, Tomasz"]
[Black "Aradhya, Garg"]
[WhiteFideId "1132970"]
[BlackFideId "25006746"]
[WhiteElo "2409"]
[BlackElo "2744"]
[Result "0-1"]
[Round "1"]
[TimeControl "180+1"]
[Date "2023.11.14"]
[WhiteClock "0:00:03"]
[BlackClock "0:00:19"]
[Board "115"]

1. d4 d5 2. Nf3 Nf6 3. c3 c5 4. Bf4 Nc6 5. e3 Qb6 6. Qc1 Bf5 7. Nbd2 e6 8. Be2 Rc8 9. O-O Be7 10. Re1 O-O 11. b3 cxd4 12. exd4 Nb4 13. Nh4 Bd3 14. a3 Bxe2 15. axb4 Bh5 16. Qb2 Ne4 17. Nxe4 dxe4 18. g3 g5 19. Rxe4 gxh4 20. Bh6 Rfd8 21. c4 Bg6 22. d5 e5 23. Rg4 hxg3 24. hxg3 f5 25. c5 Qf6 26. Rh4 e4 27. Qa2 Rxd5 28. Rc1 Rcd8 29. Qxa7 Qa6 30. Qxa6 bxa6 31. Rh1 Rd1+ 32. Kg2 Rxh1 33. Rxh1 Bf7 34. Ra1 Bxb3 35. c6 Bd5 36. Rxa6 Bxb4 37. c7 Rc8 38. Rb6 Be7 39. Bg5 Bxg5 0-1


[Site "https://www.chess.com"]

[Event "Titled Tuesday Blitz November 14 Early 2023"]
[White "Hayrapetyan, Hovik"]
[Black "Luong Phuong Hanh"]
[WhiteFideId "13302639"]
[BlackFideId "12401013"]
[WhiteElo "2743"]
[BlackElo "2408"]
[Result "1-0"]
[Round "1"]
[TimeControl "180+1"]
[Date "2023.11.14"]
[WhiteClock "0:00:17"]
[BlackClock "0:00:00"]
[Board "116"]

1. d4 Nf6 2. c4 g6 3. Nc3 d5 4. Qb3 dxc4 5. Qxc4 Bg7 6. e4 O-O 7. Nf3 a6 8. Be2 b5 9. Qd3 c5 10. dxc5 Qc7 11. Be3 Bb7 12. O-O b4 13. Nd5 Nxd5 14. exd5 Bxb2 15. Rab1 Bc3 16. d6 exd6 17. cxd6 Qd7 18. Bd4 Bxd4 19. Qxd4 Nc6 20. Qb6 Rfb8 21. Rfd1 Qe6 22. Rd2 Ne5 23. Nxe5 Qxe5 24. Qxb4 Bxg2 25. Qxb8+ Rxb8 26. Rxb8+ Kg7 27. d7 1-0


[Site "https://www.chess.com"]